 Dungeon Crawl Stone Soup version 0.18-a0-844-g9229740 (webtiles) character file.

3205 Gorice the Nimble (level 9, -3/44 HPs)
             Began as a Felid Wanderer on Dec 17, 2015.
             Slain by a shadow imp (5 damage)
             ... on level 9 of the Dungeon on Dec 18, 2015.
             The game lasted 01:30:48 (18775 turns).

Gorice the Nimble (Felid Wanderer)                 Turns: 18775, Time: 01:30:48

Health: -3/44      AC:  3    Str: 12    XL:     9   Next: 65%
Magic:  16/16      EV: 26    Int: 15    God:
Gold:   691        SH:  2    Dex: 17    Spells: 5 memorised, 6 levels left
                                        Lives:  0   Deaths: 3

rFire  . . .     SeeInvis +       - Unarmed
rCold  + . .     Gourm    .     (armour unavailable)
rNeg   + . .     Faith    .     (shield unavailable)
rPois  .         Spirit   .     (helmet unavailable)
rElec  .         Dismiss  .     (cloak unavailable)
rCorr  .         Reflect  +     (gloves unavailable)
SustAt .         Harm     .     (boots unavailable)
MR     +....                    x - +2 amulet of reflection
Stlth  ++........               F - ring of positive energy
                                q - +3 ring of strength

@: quick, somewhat resistant to hostile enchantments, unstealthy
A: no armour, no weapons or thrown items, claws 1, fangs 3, see invisible,
carnivore 3, speed 1, shaggy fur 3, slow metabolism 1, sharp paws
a: no special abilities


You were on level 9 of the Dungeon.
You were completely stuffed.

You visited 2 branches of the dungeon, and saw 10 of its levels.
You also visited: Ossuary and Bailey.

You collected 691 gold pieces.

Inventory:

Jewellery
 q - a +3 ring of strength (left paw)
 x - a +2 amulet of reflection (around neck)
 D - an uncursed ring of stealth {unknown}
 F - a ring of positive energy (right paw)
 Z - an uncursed amulet of rage
Wands
 r - a wand of digging (18)
 w - a wand of magic darts (15)
 y - a wand of fireball (1)
 A - a wand of teleportation (2) {!d}
Scrolls
 l - a scroll of teleportation {!r}
 m - 3 scrolls of remove curse
 p - 2 scrolls of amnesia
 t - a scroll of noise {unknown}
 B - a scroll of random uselessness {unknown}
 C - a scroll of fog {unknown}
 E - a scroll of fear {unknown}
Potions
 d - 3 potions of might {!q}
 e - 4 potions of curing
 g - a potion of flight
 h - a potion of berserk rage
 i - a potion of heal wounds {unknown}
 j - a potion of cure mutation {unknown}
 k - 4 potions of brilliance {!q}
 n - 2 potions of agility {unknown}
 o - a potion of degeneration {unknown}
 u - a potion of mutation {unknown}
 z - 2 potions of magic {unknown}
Books
 a - a book of Callings
 b - a book of Conjurations
 v - a book of Spatial Translocations
Comestibles
 c - 5 meat rations {!e}
 f - a beef jerky
 s - 2 slices of pizza


   Skills:
 + Level 7.9 Fighting
 + Level 10.0 Dodging
 - Level 1.3 Stealth
 + Level 7.4 Unarmed Combat
 + Level 4.3 Spellcasting
 - Level 7.0 Summonings
 + Level 6.2 Translocations
 - Level 1.1 Evocations


You had 6 spell levels left.
You knew the following spells:

 Your Spells              Type           Power        Failure   Level  Hunger
a - Summon Small Mammal   Summ           ###.         1%          1    None
b - Call Imp              Summ           ###.....     1%          2    ##.....
c - Call Canine Familiar  Summ           ###.....     2%          3    ###....
G - Shroud of Golubria    Chrm/Tloc      ##........   10%         2    ##.....
J - Blink                 Tloc           N/A          1%          2    ##.....


Dungeon Overview and Level Annotations

Branches:
Dungeon (9/15)             Temple (1/1) D:6
   Lair: D:8-11         Orc: D:9-12

Altars:
Ashenzari
Dithmenos
Elyvilon
Fedhas
Gozag
Makhleb
Nemelex Xobeh
Okawaru
Pakellas
Qazlal
Ru
Sif Muna
Trog
Vehumet
Xom
Yredelemnul
Zin
The Shining One

Shops:
D:5 (


Innate Abilities, Weirdness & Mutations

You cannot wear armour.
You are incapable of wielding weapons or throwing items.
You have sharp claws.
You have razor-sharp teeth.
You have supernaturally acute eyesight.
You are carnivorous and can eat meat at any time.
You cover ground quickly.
Your thick and shaggy fur keeps you warm (AC +3, rC+).
You have a slow metabolism.
Your sharp claws are effective at attacking unaware monsters.


Message History

You scratch the troll but do no damage.
The troll is almost dead.
The shadow imp misses you. The troll completely misses you.
The troll misses you. The troll closely misses you.
You closely miss the troll. You bite the troll.
The troll is almost dead.
The shadow imp misses you.
You scratch the troll.
The troll is almost dead.
The troll bites you.
* * * LOW HITPOINT WARNING * * *
The troll misses you. The troll closely misses you.
The shadow imp gestures at you. You resist with some effort.
Damage: 4 (max 13)
You scratch the troll.
The troll is almost dead.
The troll closely misses you. The troll misses you.
The troll completely misses you. The shadow imp barely misses you.
Unknown command.
You scratch the troll.
The troll is almost dead.
The crocodile completely misses you. The troll closely misses you.
The troll barely misses you. x2
The shadow imp misses you.
Unknown command.
You scratch the troll.
You kill the troll!
Your Dodging skill increases to level 10!
You block the crocodile's attack. The shadow imp completely misses you.
The crocodile completely misses you. The shadow imp misses you.
You see here a troll corpse.
You are too injured to fight recklessly!
You are too injured to fight recklessly!
You are too injured to fight recklessly!
You are too injured to fight recklessly!
You are too injured to fight recklessly!
You are too injured to fight recklessly!
You scratch the crocodile but do no damage.
The shadow imp hits you.
* * * LOW HITPOINT WARNING * * *
The crocodile barely misses you.
Damage: 3 (max 13)
You closely miss the crocodile.
The shadow imp grinds its teeth.
The shadow imp completely misses you. The crocodile closely misses you.
You claw the crocodile! Your bite misses the crocodile.
The crocodile is moderately wounded.
The shadow imp hits you.
You die...

####.#.#.###.### ....
## #.#.#.# ....##.
#.#.#.#
......###.#.#.#
#........#.#÷#
#........#.#.#
#........^....
#........#.#.###
+.......t@.....#
#.......5#.#.###
#........#.#.###≈#
#........#.#)†..≈#
########.#.#.###≈≈≈≈≈
#.#.#)# ##. #.#.#.#
########.#.#.## +#
..............#


You could see a crocodile and a shadow imp.

Vanquished Creatures
  A deep elf mage (D:9)
  A troll (D:9)
  A two-headed ogre (D:9)
  2 wyverns
  Eustachio (D:4)
  A hippogriff (D:8)
  A water moccasin (D:9)
  A black bear (D:8)
  2 phantoms
  An ice beast (D:6)
  A sky beast (D:9)
  2 orc warriors
  3 centaurs
  4 giant frogs
  2 scorpions
  A water moccasin skeleton (D:4)
  7 wights
  6 killer bees (D:9)
  A jelly (D:8)
  2 crimson imps
  A centaur zombie (D:7)
  2 orc wizards (D:6)
  A quasit (D:9)
  A centaur skeleton (D:9)
  A giant frog zombie (D:7)
  An orc priest (D:8)
  3 hounds (D:8)
  An iguana (D:4)
  3 worker ants
  A big kobold zombie (Ossuary)
  3 mummies (Ossuary)
  6 gnolls
  A worker ant zombie (D:7)
  4 adders
  An adder skeleton (D:8)
  2 worms
  4 giant geckos
  12 orcs
  10 giant cockroaches
  3 gnoll zombies (Ossuary)
  2 goblins
  6 hobgoblins
  9 jackals
  A quokka (D:6)
  A ball python (D:3)
  A ball python skeleton (D:5)
  13 bats
  A giant gecko skeleton (D:5)
  A giant gecko zombie (D:8)
  5 giant newts
  A hobgoblin zombie (Ossuary)
  15 kobolds
  A kobold zombie (Ossuary)
  An orc zombie (Ossuary)
  3 rats
163 creatures vanquished.

Vanquished Creatures (collateral kills)
  A troll (D:8)
  The ghost of cluie the Chiller, an amateur DsIE (D:5)
  A two-headed ogre (D:7)
  A hungry ghost (D:9)
  A water moccasin (D:5)
  4 orc warriors
  A sky beast (D:7)
  A centaur (D:6)
  A phantom (D:8)
  5 ogres
  5 giant frogs
  2 big kobolds (D:7)
  Blork the orc (D:4)
  A gnoll sergeant (D:4)
  5 wights
  A killer bee (D:8)
  3 crimson imps
  A hound (D:5)
  An orc priest (D:5)
  3 iguanas
  A jelly (D:8)
  8 orc wizards
  4 worker ants
  A hound skeleton (D:9)
  5 mummies (Ossuary)
  A worker ant zombie (D:5)
  8 gnolls
  8 adders
  An adder skeleton (D:7)
  The ghost of 4thArraOfDagon the Ducker, a weakling FeFi (D:4)
  14 orcs
  A bat (D:2)
  4 goblins
  2 hobgoblins
  A jackal (D:1)
  13 kobolds
  A giant cockroach (D:3)
  An orc zombie (Ossuary)
  A rat (D:2)
  2 butterflies (D:6)
118 creatures vanquished.

Vanquished Creatures (others)
  A jelly (D:8)
  A kobold (Bailey)
2 creatures vanquished.

Grand Total: 283 creatures vanquished

Notes
Turn   | Place    | Note
--------------------------------------------------------------
     0 | D:1      | Gorice the Felid Wanderer began the quest for the Orb.
     0 | D:1      | Gorice set off with: a book of Callings, 2 potions of lignification {!q}, a meat ration {!e}
     0 | D:1      | Reached XP level 1. HP: 9/9 MP: 4/4
     2 | D:1      | Learned a level 1 spell: Summon Small Mammal
   351 | D:1      | HP: 2/9 [jackal (2)]
   601 | D:1      | Reached XP level 2. HP: 13/13 MP: 6/6
   623 | D:1      | Reached skill level 1 in Dodging
   689 | D:1      | Found a shimmering altar of Xom.
  1392 | D:2      | Reached XP level 3. HP: 16/16 MP: 3/7
  1790 | D:2      | Reached skill level 2 in Dodging
  1805 | D:2      | HP: 4/16 [poisoned by an adder]
  2196 | D:2      | Learned a level 2 spell: Call Imp
  2659 | D:3      | Reached XP level 4. HP: 20/20 MP: 1/8
  3159 | D:3      | Found a shattered altar of Ashenzari.
  3159 | D:3      | Found a white marble altar of Elyvilon.
  3371 | D:3      | Reached skill level 2 in Unarmed Combat
  3947 | D:3      | Noticed an ogre
  4232 | D:4      | Noticed 4thArraOfDagon's ghost (weakling FeFi)
  4235 | D:4      | HP: 5/20 [4thArraOfDagon's ghost (11)]
  4236 | D:4      | Noticed Eustachio
  4349 | D:3      | Reached skill level 4 in Summonings
  4660 | D:4      | HP: 5/20 [gnoll sergeant/trident (11)]
  4707 | D:4      | Noticed an ogre
  4715 | D:4      | Found Rall's General Store.
  4736 | D:5      | Entered Level 5 of the Dungeon
  5080 | D:5      | Reached skill level 3 in Fighting
  5087 | D:5      | Reached XP level 5. HP: 18/24 MP: 3/9
  5199 | D:5      | Found a sparkling altar of Nemelex Xobeh.
  5237 | D:5      | Noticed cluie's ghost (amateur DsIE)
  5398 | D:5      | Killed cluie's ghost
  5398 | D:5      | Reached skill level 3 in Dodging
  5603 | D:5      | HP: 7/24 [poisoned by a worker ant]
  5609 | D:5      | Reached skill level 3 in Unarmed Combat
  5609 | D:5      | Gained mutation: You are covered in thick fur (AC +2). [Felid growth]
  5609 | D:5      | Reached XP level 6. HP: 28/28 MP: 3/10
  5710 | D:5      | HP: 3/28 [orc wizard/puff of flame (9)]
  5712 | D:5      | Killed from afar by an orc wizard
  5713 | D:5      | Reached XP level 5. HP: -4/24 MP: 3/9
  5713 | D:5      | Found Loohecow's Weapon Shoppe.
  5893 | D:5      | Noticed a water moccasin
  5903 | D:5      | Killed a water moccasin
  5903 | D:5      | Reached skill level 4 in Dodging
  5903 | D:5      | Reached XP level 6. HP: 22/28 MP: 1/10
  6567 | D:5      | Learned a level 3 spell: Call Canine Familiar
  6624 | D:4      | Reached skill level 4 in Fighting
  7042 | D:4      | Killed 4thArraOfDagon's ghost
  7061 | D:4      | Reached skill level 5 in Summonings
  7168 | D:4      | Killed Eustachio
  7168 | D:4      | Reached skill level 5 in Dodging
  7168 | D:4      | Reached skill level 4 in Unarmed Combat
  7168 | D:4      | Reached XP level 7. HP: 28/33 MP: 2/11
  7324 | D:4      | Gained mutation: Your thick and shaggy fur keeps you warm (AC +3, rC+). [potion of beneficial mutation]
  7480 | D:4      | Noticed Blork the orc
  8154 | D:4      | Killed Blork the orc
  8870 | D:6      | Shot with an arrow by a centaur
  8871 | D:6      | Reached XP level 6. HP: -2/30 MP: 8/10
  8879 | D:6      | Found a sand-covered staircase.
  9052 | Ossuary  | Entered an ossuary
  9419 | Ossuary  | Reached skill level 5 in Fighting
  9599 | Ossuary  | Reached XP level 7. HP: 33/33 MP: 0/11
  9845 | D:6      | Reached skill level 6 in Dodging
  9898 | D:6      | Learned a level 2 spell: Blink
 10085 | D:6      | Found an oddly glowing altar of Pakellas.
 10087 | D:6      | Found a stormy altar of Qazlal.
 10156 | D:6      | Reached skill level 6 in Summonings
 10801 | D:6      | Reached skill level 5 in Unarmed Combat
 11308 | D:7      | Reached XP level 8. HP: 35/37 MP: 4/12
 11313 | D:7      | Reached skill level 7 in Dodging
 12450 | D:8      | Reached skill level 6 in Fighting
 12722 | D:8      | HP: 11/38 [poisoned by a wight]
 12727 | D:8      | HP: 10/38 [poisoned by a wight]
 12734 | D:8      | HP: 8/38 [poisoned by a wight]
 12742 | D:8      | HP: 7/38 [poisoned by a wight]
 13095 | D:7      | HP: 11/38 [wyvern (9)]
 13551 | D:8      | Reached skill level 8 in Dodging
 13618 | D:8      | Reached skill level 7 in Summonings
 13810 | D:8      | Reached skill level 1 in Translocations
 13810 | D:8      | Reached XP level 9. HP: 14/42 MP: 3/13
 14020 | D:8      | Reached skill level 6 in Unarmed Combat
 14382 | D:8      | Reached skill level 2 in Translocations
 14964 | D:7      | Learned a level 2 spell: Shroud of Golubria
 15193 | D:7      | Reached skill level 3 in Spellcasting
 15344 | D:7      | Reached skill level 3 in Translocations
 15786 | D:7      | HP: 9/42 [orc warrior/flail (27)]
 16155 | D:7      | Reached skill level 7 in Fighting
 16316 | D:8      | Reached skill level 9 in Dodging
 16738 | D:8      | Upgraded the game from 0.18-a0-824-g47fe746 to 0.18-a0-844-g9229740
 16768 | D:8      | Reached skill level 4 in Translocations
 16956 | D:6      | Found a glowing golden altar of the Shining One.
 17151 | D:6      | Found a staircase to the Ecumenical Temple.
 17165 | Temple   | Entered the Ecumenical Temple
 17543 | D:9      | Found a flagged portal.
 17664 | Bailey   | Entered a bailey
 17885 | Bailey   | Found an iron altar of Okawaru.
 17910 | Bailey   | Reached XP level 10. HP: 47/47 MP: 1/16
 18050 | D:9      | Reached skill level 7 in Unarmed Combat
 18050 | D:9      | Reached skill level 5 in Translocations
 18137 | D:9      | HP: 13/47 [killer bee (3)]
 18142 | D:9      | HP: 10/47 [poisoned by a killer bee]
 18144 | D:9      | HP: 4/47 [killer bee (3)]
 18404 | D:9      | Noticed a deep elf mage
 18407 | D:9      | HP: 13/47 [deep elf mage/bolt of lightning (34)]
 18430 | D:9      | Killed from afar by a deep elf mage
 18431 | D:9      | Reached XP level 9. HP: -6/43 MP: 6/15
 18476 | D:9      | Killed a deep elf mage
 18476 | D:9      | Reached skill level 4 in Spellcasting
 18534 | D:9      | Reached skill level 6 in Translocations
 18763 | D:9      | HP: 8/44 [troll (12)]
 18770 | D:9      | Reached skill level 10 in Dodging
 18773 | D:9      | HP: 2/44 [shadow imp (3)]
 18775 | D:9      | Slain by a shadow imp

Vault maps used:
D:1:      saegor_arrival_under_anarchy, xom_teletrap_fun
D:3:      gammafunk_temple_overflow_wave
D:4:      serial_shops, nicolae_shop_behind_doors, first_bread, uniq_eustachio,
          uniq_blork_the_orc
D:5:      marbit_many_paths, serial_shops, shop
D:6:      nicolae_overflow_hidden_temple, minmay_temple_entry_butterflies,
          lightli_ossuary_entry_decrepit_ruins, amalloy_card_club
D:8:      statuecave_lemuel, grunt_ogre_cave, kennysheep_kite_vault
D:9:      kennysheep_mini, kennysheep_mini_moat, enter_bailey_3
Temple:   triangle_lava_temple_12
Ossuary:  ossuary_tomb_3
Bailey:   bailey_axe_3, bailey

Action                   |  1- 3 |  4- 6 |  7- 9 | 10-12 || total
-------------------------+-------+-------+-------+-------++-------
Melee: Unarmed           |   112 |   215 |   407 |    20 ||   754
 Cast: Summon Small Mamm |    45 |    98 |     7 |     1 ||   151
       Call Imp          |       |    82 |   273 |    12 ||   367
       Call Canine Famil |       |     5 |    45 |     3 ||    53
       Shroud of Golubri |       |       |     1 |       ||     1
Evoke: Wand              |       |       |     8 |       ||     8
  Use: Scroll            |     6 |     4 |     5 |     1 ||    16
       Potion            |     1 |     2 |     1 |     2 ||     6
 Stab: Sleeping          |    12 |     5 |     5 |     2 ||    24
       Distracted        |     1 |     4 |     6 |       ||    11
  Eat: Chunk             |    11 |    24 |    51 |     1 ||    87

Table legend:
 A = Turns spent in this place as a percentage of turns spent in the entire game.
 B = Non-inter-level travel turns spent in this place as a percentage of non-inter-level travel turns spent in the entire game.
 C = Inter-level travel turns spent in this place as a percentage of turns spent in this place.
 D = Turns resting spent in this place as a percentage of non-inter-level travel turns spent in this place.
 E = Turns spent auto-exploring this place as a percentage of non-inter-level travel turns spent in this place.
 F = Non-inter-level travel turns spent in this place divided by the number of levels of this place that you've seen.
                   A       B       C       D       E      F
               +-------+-------+-------+-------+-------+----------------------
         Total | 100.0 | 100.0 |   0.3 |   4.7 |   3.4 | 550.4
       Dungeon |  90.5 |  90.5 |   0.3 |   5.0 |   3.7 | 663.9
        Temple |   1.1 |   1.1 |   0.0 |   0.0 |   0.0 |  75.0
       Ossuary |   4.2 |   4.2 |   0.0 |   2.9 |   0.0 | 277.0
        Bailey |   4.2 |   4.2 |   0.0 |   1.4 |   0.7 | 278.0
               +-------+-------+-------+-------+-------+----------------------

Vault maps used:
D:1:      saegor_arrival_under_anarchy, xom_teletrap_fun
D:3:      gammafunk_temple_overflow_wave
D:4:      serial_shops, nicolae_shop_behind_doors, first_bread, uniq_eustachio,
          uniq_blork_the_orc
D:5:      marbit_many_paths, serial_shops, shop
D:6:      nicolae_overflow_hidden_temple, minmay_temple_entry_butterflies,
          lightli_ossuary_entry_decrepit_ruins, amalloy_card_club
D:8:      statuecave_lemuel, grunt_ogre_cave, kennysheep_kite_vault
D:9:      kennysheep_mini, kennysheep_mini_moat, enter_bailey_3
Temple:   triangle_lava_temple_12
Ossuary:  ossuary_tomb_3
Bailey:   bailey_axe_3, bailey
